 Dungeon Crawl Stone Soup version 0.17-a0-1442-g10bb59b (webtiles) character file.

457792 esc the Slayer (level 23, -5/240 HPs)
             Began as a Minotaur Berserker on June 27, 2015.
             Was a High Priest of Trog.
             Slain by a starcursed mass (8 damage)
             ... on level 5 of the Abyss on June 28, 2015.
             The game lasted 04:18:30 (51092 turns).

esc the Slayer (Minotaur Berserker)                Turns: 51092, Time: 04:18:31

Health: -5/240     AC: 35    Str: 31    XL:     23   Next: 2%
Magic:  19/21      EV: 19    Int: -2    God:    Trog [*****.]
Gold:   2525       SH: 17    Dex: 15    Spells: 0 memorised, 22 levels left

rFire  + . .     SeeInvis .     K - +9 demon blade (venom)
rCold  + + .     Clarity  +     s - +7 gold dragon armour {rC+, rF+, rPois}
rNeg   . . .     SustAt   +     g - +2 shield {reflect}
rPois  +         Gourm    .     (helmet restricted)
rElec  .         Spirit   .     d - +1 cloak
rCorr  .         Warding  .     Y - +1 pair of gloves {Str+3}
rMut   .         Rnd*Tele +     H - +2 pair of boots
MR     ++++.                    J - amulet of regeneration {+regen, !d}
Stlth  ..........               m - ring of protection from magic {MR+, !d}
                                B - ring of sustain attributes

@: berserking, about to teleport, very slightly contaminated, non-regenerating,
slowed, lost intelligence, invisible, incredibly resistant to hostile
enchantments, extremely unstealthy
A: retaliatory headbutt, horns 2, berserk 2, blurry vision 3, clarity, clumsy 1,
cold resistance 1, deformed body, deterioration 2, dopey 2, frail 3, high mp 1,
low mp 3, regeneration 1, screaming 3, slow healing 3, teleportitis 3, weak 2,
no device heal 3, subdued magic 2, MP-powered wands
a: Burn Spellbooks, Berserk, Trog's Hand, Brothers in Arms, Renounce Religion
}: 3/15 runes: decaying, serpentine, silver


You were on level 5 of the Abyss.
You worshipped Trog.
Trog was extremely pleased with you.
You were not hungry.

You visited 7 branches of the dungeon, and saw 41 of its levels.
You visited the Abyss 2 times.
You also visited: Ice Cave and Wizlab.

You collected 5537 gold pieces.
You spent 3012 gold pieces at shops.

Inventory:

Hand weapons
 K - a +9 demon blade of venom (weapon)
   (Trog gifted it to you on level 6 of the Dungeon)
 T - a +0 blowgun
   (You took it off a kobold on level 10 of the Dungeon)
Missiles
 b - 5 throwing nets {=f, !d}
 y - 158 poisoned needles
 P - 16 curare-tipped needles
Armour
 d - a +1 cloak (worn)
   (You took it off Nikola on level 2 of the Swamp)
 g - a +2 shield of reflection (worn)
   (You found it on level 5 of the Lair of Beasts)
 s - a +7 gold dragon armour (worn) {rC+, rF+, rPois}
   (You found it on level 14 of the Dungeon)
 H - a +2 pair of boots (worn)
   (You bought it in a shop on level 4 of the Orcish Mines)
 Y - a +1 pair of gloves of strength (worn)
   (You bought it in a shop on level 4 of the Orcish Mines)
Jewellery
 m - a ring of protection from magic (right hand) {MR+, !d}
   (You found it on level 3 of the Swamp)
 v - an uncursed amulet of resist corrosion {rCorr, !d}
   (You bought it in a shop on level 2 of the Orcish Mines)
 B - a ring of sustain attributes (left hand)
   (You found it on level 3 of the Dungeon)
 J - an amulet of regeneration (around neck) {+regen, !d}
   (You found it on level 1 of the Vaults)
 Z - a +3 ring of evasion
   (You found it on level 4 of the Snake Pit)
Magical devices
 a - a wand of polymorph (17)
   (You found it on level 1 of the Abyss)
 p - a wand of invisibility (0)
   (You took it off Urug on level 4 of the Lair of Beasts)
 w - a wand of disintegration (11)
   (You found it on level 5 of the Lair of Beasts)
 F - a wand of paralysis (11)
   (You found it on level 4 of the Swamp)
 N - a wand of cold (0)
   (You found it on level 3 of the Lair of Beasts)
 Q - a wand of teleportation (4)
   (You found it on level 10 of the Dungeon)
 S - a wand of digging (19)
   (You found it on level 3 of the Lair of Beasts)
Scrolls
 c - 16 scrolls of identify
 e - 19 scrolls of remove curse
 o - 3 scrolls of silence
 r - 4 scrolls of teleportation
 x - a scroll of magic mapping {!r}
 D - 2 scrolls of fear
 E - 6 scrolls of blinking {!r}
 L - 3 scrolls of recharging
 O - 6 scrolls of immolation {!r}
 U - a scroll of summoning
 V - 8 scrolls of fog
Potions
 j - 6 potions of haste
 k - 8 potions of heal wounds
 l - 7 potions of flight
 t - 14 potions of curing
 u - 5 potions of cure mutation {!q}
 A - 7 potions of might
 C - 5 potions of cancellation
 I - a potion of resistance
 R - 5 potions of agility
 X - 2 potions of invisibility
Miscellaneous
 h - a phial of floods
   (You found it on level 8 of the Lair of Beasts)
 i - a fan of gales
   (You found it on level 2 of the Swamp)
 G - a lamp of fire
   (You found it on level 5 of the Vaults)
 M - a stone of tremors
   (You found it on level 3 of the Vaults)
 W - a sack of spiders
   (You found it on level 5 of the Vaults)
Comestibles
 f - a bread ration {@e1}
 n - 19 meat rations {@e2}
 z - 33 fruits


   Skills:
 + Level 23.8 Fighting
 - Level 17.0 Long Blades
 + Level 23.4 Armour
 + Level 22.0 Dodging
 - Level 15.0 Shields
 - Level 7.0 Evocations


You had 22 spell levels left.
You didn't know any spells.

Dungeon Overview and Level Annotations

Branches:
Dungeon (15/15)            Temple (0/1) D:5            Lair (8/8) D:11
  Swamp (4/4) Lair:4        Snake (4/4) Lair:3        Slime (0/6) Lair:7
    Orc (4/4) D:10            Elf (0/3) Orc:4        Vaults (5/5) D:13
  Crypt (0/3) Vaults:3     Depths (1/5) D:15

Altars:
Ashenzari
Cheibriados
Elyvilon
Fedhas
Gozag
Kikubaaqudgha
Nemelex Xobeh
Okawaru
Qazlal
Sif Muna
Trog
Xom
Yredelemnul
Zin
Beogh
Jiyva

Shops:
D:5 [   D:6 (   D:10 [(   D:11 %   D:13 (   Orc:2 =   Orc:4 [(}(   Vaults:5 ?

Portals:
Abyss: Depths:1

Annotations:
WizLab exclusion: obsidian statue


Innate Abilities, Weirdness & Mutations

You reflexively headbutt those who attack you in melee.
You have a pair of horns on your head.
You possess an exceptional clarity of mind.
Your flesh is cold resistant.
You have an increased reservoir of magic (+10% MP).
Your natural rate of healing is unusually fast.
You expend magic power (3 MP) to strengthen your wands.
[You often lose your temper in combat.]
[Scrolls take you much longer to read.]
[You are clumsy. (Dex -2)]
[Armour fits poorly on your strangely shaped body.]
[Your body often deteriorates upon taking damage.]
[You are very dopey. (Int -4)]
[You are extremely frail (-30% HP).]
[Your magical capacity is extremely low (-30% MP).]
[You frequently scream uncontrollably at your foes.]
[You do not heal naturally.]
[You are often teleported to nearby monsters.]
[You are very weak. (Str -4)]
[Potions and wands cannot restore your health.]
[Your spells are easier to cast, but less powerful.]


Message History

The starcursed mass engulfs you but does no damage. x2
A cacophony of accursed wailing tears at your sanity!
Your body deteriorates!
You feel clumsy for a moment.
The starcursed mass engulfs you but does no damage.
You take 11 damage, and have 61/160 hp.
Drink which item? (? for menu, Esc to quit)
You feel much better.
The starcursed mass engulfs you but does no damage.
A cacophony of accursed wailing tears at your sanity!
You suddenly lose the ability to move!
The starcursed mass engulfs you but does no damage.
The wretched star pulses with an eldritch light!
Your system completely rejects artificial healing.
The rakshasa twists and deforms. x2
The starcursed mass engulfs you but does no damage. x7
The rakshasa gestures.
The rakshasa blinks!
The starcursed mass engulfs you but does no damage. x5
The rakshasa hits you from afar with a trident.
* * * LOW HITPOINT WARNING * * *
A cacophony of accursed wailing tears at your sanity!
* * * LOW HITPOINT WARNING * * *
You shrug off the repeated paralysis!
The starcursed mass engulfs you but does no damage.
You can move again.
You take 30 damage, and have 31/160 hp.
Drink which item? (? for menu, Esc to quit)
Okay, then.
Drink which item? (? for menu, Esc to quit)
Okay, then.
Drink which item? (? for menu, Esc to quit)
Okay, then.
Enter note: gg Drink which item? (? for menu, Esc to quit)
Really quaff
u - 6 potions of cure mutation {!q}?
It has a very clean taste.
You feel a little less angry.
Your connection to magic feels less subdued.
You feel agile. The rakshasa barely misses you.
You block the starcursed mass's attack.
The starcursed mass engulfs you but does no damage. x2
You block the starcursed mass's attack. x2
The rakshasa gestures.
The rakshasa blinks!
A starcursed mass splits.
A starcursed mass splits.
A starcursed mass splits.
The starcursed mass engulfs you but does no damage.
You block the rakshasa's attack.
A cacophony of accursed wailing tears at your sanity!
* * * LOW HITPOINT WARNING * * *
The starcursed mass misses you.
You take 13 damage, and have 18/160 hp.
Drink which item? (? for menu, Esc to quit)
Okay, then.
You fade into invisibility!
You are very lightly contaminated with residual magic.
This wand has 0 charges left.
You block the starcursed mass's attack. The starcursed mass barely misses you.
You furiously retaliate!
You headbutt the starcursed mass, but do no damage.
A cacophony of accursed wailing tears at your sanity!
* * * LOW HITPOINT WARNING * * *
The starcursed mass engulfs you but does no damage.
You block the starcursed mass's attack. x2
The starcursed mass closely misses you.
The starcursed mass engulfs you but does no damage.
The rakshasa hits you but does no damage.
You block the starcursed mass's attack.
The starcursed mass engulfs you but does no damage.
A starcursed mass splits.
The starcursed mass engulfs you but does no damage.
You take 17 damage, and have 1/160 hp.
You now have 19/21 mp.
Drink which item? (? for menu, Esc to quit)
Okay, then.
Read which item? (? for menu, Esc to quit)
Okay, then.
A red film seems to cover your vision as you go berserk!
You feel yourself moving faster!
You feel mighty!
You feel somewhat more hungry.
The starcursed mass completely misses you.
The starcursed mass closely misses you. You furiously retaliate!
You headbutt the starcursed mass!
You destroy the starcursed mass!
You block the starcursed mass's attack. The starcursed mass barely misses you.
You furiously retaliate!
You headbutt the starcursed mass, but do no damage.
You block the rakshasa's attack.
The starcursed mass engulfs you but does no damage.
You block the starcursed mass's attack.
The starcursed mass engulfs you but does no damage.
You now have 2/240 hp.
You are too berserk!
You are too berserk!
You feel a strong urge to attack something.
You block the starcursed mass's attack.
The starcursed mass engulfs you but does no damage.
You block the rakshasa's attack.
The rakshasa hits you but does no damage.
You block the starcursed mass's attack. x2
The starcursed mass engulfs you!
You die...

... .. .... ≈
............... ♣
..............≈..
............ .. .
#........... ♣
..##.......#...
.♣
......Rz.......
.♣
......X*Xz.....
.....XX@XzX.... .
.....XXXXR.....♣
#
......XXXX.....♣
.......X.......♣
..##......##... .
#......# ....
........ ..
..........


You could see 15 starcursed masses, a wretched star, 2 rakshasas and 3 flying
skulls.

Vanquished Creatures
  Mennas (Vaults:3)
  Boris (Vaults:4)
  Frederick (Vaults:3)
  Saint Roka (Orc:4)
  Vashnia (Snake:4)
  A golden dragon (Vaults:5)
  3 bone dragons
  Jorgrun (Vaults:5)
  5 tentacled monstrosities
  2 quicksilver dragons
  4 titans
  4 sphinxes
  4 tentacled starspawn
  An Executioner (Abyss:1)
  3 tengu reavers (Vaults:5)
  4 greater nagas (Snake:4)
  2 shadow dragons (Vaults:4)
  A thorn hunter (Swamp:3)
  Roxanne (Snake:3)
  4 storm dragons
  3 frost giants
  Wiglaf (Vaults:4)
  4 fire giants
  Donald (Vaults:3)
  2 iron dragons (Vaults:4)
  Aizul (Swamp:1)
  8 vault wardens
  2 deep elf sorcerers (Vaults:4)
  A draconian zealot (Abyss:5)
  A cacodemon (Abyss:4)
  A reaper (WizLab)
  The ghost of herpmino the Peltast, a powerful OpFi of Dithmenos (Orc:4)
  4 war gargoyles
  A draconian shifter (Abyss:1)
  15 ironheart preservers
  4 very ugly things
  2 green draconians (Swamp:2)
  3 deep elf annihilators
  11 stone giants
  A lorocyproca (Abyss:1)
  Azrael (Orc:4)
  2 salamander stormcallers
  6 ettins
  A deep elf death mage (Vaults:2)
  Snorg (Lair:8)
  A death ooze (Swamp:4)
  2 crystal guardians
  A blizzard demon (Abyss:4)
  2 green deaths (Swamp:4)
  31 vault guards
  3 fire dragons
  2 great orbs of eyes
  9 yaktaur captains
  The ghost of Duffy the Carver, a powerful FoHu of Makhleb (D:12)
  An ice dragon (shapeshifter) (Vaults:4)
  16 naga warriors
  5 ice dragons
  2 death knights (Vaults:3)
  2 rakshasas
  12 anacondas
  10 centaur warriors
  2 hell beasts (Swamp:4)
  16 hydras
  Erica (D:8)
  A deep troll shaman (Depths:1)
  5 catoblepae
  10 alligators
  12 ogre magi
  A queen ant (Lair:8)
  3 deep troll earth magi (Depths:1)
  7 orc high priests
  5 shock serpents
  Urug (Lair:4)
  12 naga sharpshooters
  A fire crab (Vaults:1)
  4 deep elf knights
  14 thrashing horrors
  20 death yaks (Lair:8)
  Sonja (Lair:4)
  2 iron trolls (Depths:1)
  3 spriggans
  9 wretched stars
  2 salamander mystics
  3 skeletal warriors (Vaults:1)
  3 deep trolls (Depths:1)
  A spatial maelstrom (Abyss:1)
  2 shadow wraiths (WizLab)
  3 giant orange brains
  2 shadow demons
  2 unseen horrors
  A deep troll (shapeshifter) (Vaults:4)
  An ice statue (IceCv)
  6 spriggan druids
  2 shambling mangroves
  2 deep elf summoners
  3 swamp dragons
  9 ironbrand convokers
  8 naga ritualists
  Pikel (D:5)
  7 hill giants
  2 phantasmal warriors (Vaults:4)
  23 orc knights
  9 orc sorcerers
  3 deep elf conjurers
  An anubis guard (shapeshifter) (D:15)
  8 harpies
  6 necromancers
  A fire giant zombie (Vaults:5)
  6 mana vipers
  3 oklob plants
  6 cyclopes
  60 ugly things
  3 sixfirhies
  3 orb spiders (shapeshifter)
  A shining eye (shapeshifter) (D:14)
  A worldbinder (Abyss:4)
  8 wolf spiders
  12 salamanders
  6 griffons
  8 guardian serpents
  A fire giant skeleton (Vaults:5)
  2 centaur zombies
  6 hornets
  A mana viper (shapeshifter) (Vaults:5)
  19 naga magi
  Joseph (D:8)
  A frost giant skeleton (Vaults:1)
  3 apocalypse crabs
  18 spiny frogs
  2 torpor snails
  The ghost of Snupthedog the Skirmisher, an experienced FoAK of Lugonu (D:4)
  2 orange demons
  3 smoke demons
  15 vault sentinels
  A torpor snail (shapeshifter) (Vaults:5)
  45 black mambas
  A gargoyle (D:13)
  24 yaktaurs
  6 kobold demonologists
  A yaktaur (shapeshifter) (Vaults:4)
  3 efreet
  A komodo dragon (shapeshifter) (Depths:1)
  A tormentor (Abyss:4)
  2 tengu conjurers
  A merfolk (D:15)
  22 two-headed ogres
  17 freezing wraiths
  5 ancient zymes
  A queen bee (D:15)
  5 fire drakes (Lair:6)
  8 komodo dragons
  3 blue devils (WizLab)
  6 trolls
  A jumping spider (Vaults:4)
  4 giant leeches
  5 polar bears
  A two-headed ogre (shapeshifter) (Vaults:3)
  5 raiju
  5 boulder beetles
  A jumping spider (shapeshifter) (Vaults:3)
  20 blink frogs
  6 bog bodies
  An ettin zombie (Vaults:5)
  A hornet zombie (Vaults:1)
  6 deep elf magi
  9 shadows
  2 trapdoor spiders (shapeshifter)
  36 slime creatures
  5 wraiths
  A hog (shapeshifter) (Vaults:2)
  2 ynoxinuls
  50 yaks
  3 redbacks
  A spriggan (shapeshifter) (Vaults:1)
  A chaos spawn (Abyss:1)
  2 fire elementals (Orc:4)
  7 wyverns
  2 humans (D:8)
  2 water elementals
  Eustachio (D:6)
  12 basilisks
  2 elf zombies (Vaults:1)
  17 hippogriffs
  A redback simulacrum (D:14)
  A soldier ant (shapeshifter) (Vaults:3)
  2 hungry ghosts
  6 neqoxecs
  11 small abominations
  13 deep elf fighters
  20 swamp worms
  40 vampire mosquitoes
  A death yak simulacrum (IceCv)
  A hippogriff (shapeshifter) (Vaults:4)
  Edmund (D:5)
  A yaktaur simulacrum (Vaults:3)
  5 insubstantial wisps
  40 nagas
  6 hell hounds
  3 mottled dragons
  6 wargs
  6 soldier ants
  19 large abominations
  12 ice beasts
  17 water moccasins
  A spatial vortex (WizLab)
  20 wolves
  11 porcupines
  66 orc warriors
  13 wasps
  6 sky beasts
  A deep troll skeleton (Vaults:5)
  A black bear (shapeshifter) (Vaults:5)
  53 ogres
  An ettin simulacrum (Vaults:5)
  3 black bears
  7 swamp drakes
  5 phantoms
  2 slaves (D:4)
  17 crocodiles
  3 big kobolds
  7 boggarts
  2 brain worms
  18 giant frogs
  5 centaurs
  A wyvern zombie (D:13)
  5 scorpions
  A swamp dragon simulacrum (IceCv)
  An elephant simulacrum (IceCv)
  36 killer bees
  A quasit (Abyss:3)
  5 wights (D:14)
  5 electric eels
  12 crimson imps
  3 vampire bats (D:2)
  3 human simulacra
  5 draconian simulacra (IceCv)
  33 starcursed masses
  13 hounds
  9 jellies
  43 orc priests
  4 centaur skeletons
  4 giant frog skeletons
  13 iguanas
  35 orc wizards
  28 worker ants
  2 iron imps
  A wolf simulacrum (IceCv)
  5 sheep
  5 troll simulacra (IceCv)
  2 spriggan simulacra (IceCv)
  3 centaur simulacra (IceCv)
  A hound zombie (D:5)
  A hound skeleton (D:6)
  A worker ant zombie (D:9)
  3 naga simulacra (IceCv)
  3 gnolls (D:2)
  2 ogre simulacra (IceCv)
  54 river rats
  13 adders
  3 shadow imps
  14 white imps
  An ufetubus (Abyss:1)
  An adder skeleton (D:6)
  4 worms
  7 giant geckos
  324 orcs
  5 bat skeletons
  5 bat zombies (D:2)
  26 hobgoblins
  11 jackals
  30 kobolds
  7 quokkas
  2 ball pythons (D:3)
  23 bats
  2 giant cockroaches
  5 giant newts
  31 goblins
  A kobold simulacrum (Abyss:4)
  2 quokka skeletons (D:6)
  13 rats
  A fire vortex (Vaults:4)
  2 plants
  5 starspawn tentacles
2355 creatures vanquished.

Vanquished Creatures (collateral kills)
  Nikola (Swamp:2)
  4 greater nagas (Snake:4)
  2 hydras
  5 naga warriors (Snake:4)
  An anaconda (Snake:4)
  2 death yaks (Lair:8)
  7 naga sharpshooters
  An alligator (Swamp:2)
  2 swamp dragons (Swamp:2)
  3 naga ritualists (Snake:4)
  A mana viper (Snake:4)
  A salamander (Snake:3)
  A black mamba (Snake:4)
  7 naga magi
  A spiny frog (Swamp:2)
  A yaktaur (Vaults:3)
  A slime creature (Swamp:4)
  2 yaks (Lair:8)
  2 spriggans (Swamp:2)
  12 nagas
  2 wasps (Swamp:2)
  3 soldier ants (Lair:8)
  A swamp drake (Swamp:2)
  4 worker ants (Lair:8)
67 creatures vanquished.

Vanquished Creatures (others)
  A sphinx (Vaults:4)
  A frost giant (Vaults:5)
  An ironheart preserver (Vaults:1)
  2 yaktaur captains
  A deep elf high priest (D:14)
  A quicksilver dragon skeleton (Vaults:5)
  An entropy weaver (Depths:1)
  An ogre mage (Vaults:5)
  An alligator (Swamp:4)
  A centaur warrior (D:13)
  A naga sharpshooter (Snake:4)
  2 ironbrand convokers
  A manticore (shapeshifter) (Vaults:5)
  2 fire giant zombies (Vaults:5)
  A vault sentinel (Vaults:5)
  A naga mage (Snake:4)
  11 yaktaurs
  A jumping spider (Depths:1)
  A yaktaur skeleton (Vaults:5)
  A tarantella (Depths:1)
  A redback (Depths:1)
  A warg (Vaults:5)
  An orc warrior (Vaults:4)
  An ogre (Vaults:4)
  A human (D:2)
  A centaur (D:12)
  An orc priest (Vaults:5)
  An orc wizard (Orc:4)
  An orc (D:6)
  2 goblins
  A kobold (Vaults:1)
  2549 eldritch tentacle segments (WizLab)
  6 fungi
  A lurking horror (Abyss:1)
  2 plants
  10 starspawn tentacles
  219 starspawn tentacle segments
2832 creatures vanquished.

Grand Total: 5254 creatures vanquished

Notes
Turn   | Place    | Note
--------------------------------------------------------------
     0 | D:1      | esc the Minotaur Berserker began the quest for the Orb.
     0 | D:1      | Reached XP level 1. HP: 19/19 MP: 0/0
   198 | D:1      | Reached XP level 2. HP: 24/27 MP: 1/1
   309 | D:1      | Reached skill level 4 in Long Blades
   531 | D:1      | Reached skill level 4 in Fighting
   698 | D:1      | Reached XP level 3. HP: 30/33 MP: 2/2
   812 | D:2      | Acquired Trog's second power
   957 | D:2      | Found a deep blue altar of Sif Muna.
  1046 | D:2      | Found an ancient bone altar of Kikubaaqudgha.
  1046 | D:2      | Noticed a human
  1049 | D:2      | Killed a human
  1103 | D:2      | Reached skill level 3 in Dodging
  1204 | D:2      | Reached XP level 4. HP: 36/41 MP: 3/3
  1209 | D:2      | Reached skill level 3 in Armour
  1275 | D:2      | Found an ancient bone altar of Kikubaaqudgha.
  1283 | D:2      | Reached XP level 5. HP: 47/47 MP: 4/4
  1286 | D:2      | Reached skill level 5 in Long Blades
  1297 | D:2      | Reached skill level 5 in Fighting
  1644 | D:3      | Found an opulent altar of Gozag.
  1656 | D:3      | Reached skill level 4 in Armour
  1656 | D:3      | Reached XP level 6. HP: 46/56 MP: 5/5
  1753 | D:3      | Reached skill level 4 in Dodging
  1764 | D:3      | Found a bloodstained altar of Trog.
  2615 | D:4      | Found a basalt altar of Yredelemnul.
  2652 | D:4      | Noticed Snupthedog's ghost (experienced FoAK)
  2668 | D:4      | Killed Snupthedog's ghost
  2668 | D:4      | Reached skill level 6 in Fighting
  2668 | D:4      | Reached skill level 6 in Long Blades
  2668 | D:4      | Reached skill level 5 in Armour
  2668 | D:4      | Reached XP level 7. HP: 63/63 MP: 6/6
  2854 | D:4      | Found a white marble altar of Elyvilon.
  2884 | D:4      | Reached skill level 5 in Dodging
  3048 | D:4      | Acquired Trog's third power
  3098 | D:5      | Entered Level 5 of the Dungeon
  3134 | D:5      | Reached XP level 8. HP: 54/71 MP: 7/7
  3210 | D:5      | Found a staircase to the Ecumenical Temple.
  3309 | D:5      | Reached skill level 6 in Armour
  3594 | D:5      | Noticed Pikel
  3685 | D:5      | Reached skill level 7 in Fighting
  3685 | D:5      | Reached skill level 7 in Long Blades
  3835 | D:5      | Reached skill level 6 in Dodging
  4034 | D:5      | Got an ivory spear
  4035 | D:5      | Identified the +8 spear of Mourning {pierce, MP+9} (You found it on level 5 of the Dungeon)
  4157 | D:5      | Killed Pikel
  4157 | D:5      | Reached skill level 7 in Armour
  4195 | D:5      | Found a glowing silver altar of Zin.
  4226 | D:5      | Found Sakosura's Antique Armour Emporium.
  4234 | D:5      | Bought a sheer robe for 142 gold pieces
  4252 | D:5      | Identified the +1 robe "Maba" {rC+++ MP+9} (You bought it in a shop on level 5 of the Dungeon)
  4343 | D:5      | Noticed Edmund
  4354 | D:5      | Killed Edmund
  4354 | D:5      | Reached skill level 8 in Fighting
  4354 | D:5      | Reached skill level 8 in Long Blades
  4354 | D:5      | Reached XP level 9. HP: 54/81 MP: 8/8
  4400 | D:5      | Reached skill level 7 in Dodging
  4623 | D:6      | Found Bobuoxo's Weapon Boutique.
  4647 | D:6      | Noticed Eustachio
  4826 | D:6      | Found a shimmering altar of Xom.
  4900 | D:6      | Reached skill level 8 in Armour
  4988 | D:6      | Reached skill level 9 in Fighting
  5015 | D:6      | Received a gift from Trog
  5139 | D:6      | Killed Eustachio
  5212 | D:6      | Reached skill level 9 in Long Blades
  5726 | D:7      | Reached skill level 8 in Dodging
  6099 | D:7      | HP: 5/84 [orc warrior/glaive (21)]
  6099 | D:7      | HP: 1/84 [orc priest/trident (4)]
  6104 | D:7      | HP: 20/84 [orc priest/trident (6)]
  6500 | D:8      | Reached XP level 10. HP: 87/91 MP: 3/9
  6586 | D:7      | Reached skill level 9 in Armour
  6595 | D:8      | Found a blossoming altar of Fedhas.
  6630 | D:8      | Noticed Joseph
  6651 | D:8      | Killed Joseph
  6748 | D:8      | Reached skill level 10 in Fighting
  6842 | D:8      | Found a snail-covered altar of Cheibriados.
  6953 | D:8      | Gained mutation: You have an increased reservoir of magic (+10% MP). [mutagenic meat]
  6955 | D:8      | Gained mutation: Your natural rate of healing is unusually fast. [mutagenic meat]
  7084 | D:8      | Found an iron altar of Okawaru.
  7574 | D:8      | Noticed Erica
  7579 | D:8      | Killed Erica
  7579 | D:8      | Reached skill level 10 in Long Blades
  7579 | D:8      | Reached skill level 9 in Dodging
  7579 | D:8      | Reached skill level 2 in Shields
  7647 | D:8      | Got a pair of faintly glowing gloves
  7658 | D:8      | Identified the cursed +0 pair of gloves of the Thistle {rCorr} (You found it on level 8 of the Dungeon)
  7842 | D:9      | Noticed a hill giant
  7849 | D:9      | Killed a hill giant
  7849 | D:9      | Received a gift from Trog
  7883 | D:9      | Found a white marble altar of Elyvilon.
  7969 | D:9      | Found a stormy altar of Qazlal.
  8089 | D:9      | Reached skill level 10 in Armour
  8302 | D:9      | Reached skill level 3 in Shields
  8341 | D:9      | Found a blossoming altar of Fedhas.
  8423 | D:9      | Found a sparkling altar of Nemelex Xobeh.
  8448 | D:9      | Reached XP level 11. HP: 95/101 MP: 3/11
  8637 | D:9      | Reached skill level 4 in Shields
  8946 | D:10     | Entered Level 10 of the Dungeon
  8953 | D:10     | Reached skill level 11 in Fighting
  8955 | D:10     | Received a gift from Trog
  9039 | D:10     | Reached skill level 11 in Long Blades
  9107 | D:10     | Noticed a hill giant
  9116 | D:10     | Killed a hill giant
  9116 | D:10     | Reached skill level 5 in Shields
  9125 | D:10     | Found Woanwuj's Weapon Emporium.
  9129 | D:10     | Found a staircase to the Orcish Mines.
  9129 | D:10     | Found Puigaon's Armour Emporium.
  9277 | D:10     | Reached skill level 10 in Dodging
  9286 | D:10     | Found a snail-covered altar of Cheibriados.
  9588 | D:11     | Noticed a hill giant
  9596 | D:11     | Killed a hill giant
  9618 | D:11     | Found a staircase to the Lair.
  9715 | D:11     | Received a gift from Trog
  9715 | D:11     | Reached skill level 11 in Armour
  9722 | D:11     | Got a shimmering falchion {god gift}
  9733 | D:11     | Identified the +12 falchion of Miasto {flame, Dex+4} (Trog gifted it to you on level 11 of the Dungeon)
  9818 | D:11     | Found Beuloh's Food Shoppe.
 10028 | D:11     | Killed an unseen horror
 10121 | Orc:1    | Entered Level 1 of the Orcish Mines
 10129 | Orc:1    | Reached skill level 6 in Shields
 10500 | Orc:2    | Received a gift from Trog
 10838 | Orc:2    | Found Otovo's Jewellery Boutique.
 10865 | Orc:2    | Reached XP level 12. HP: 112/112 MP: 12/12
 11093 | Orc:3    | Received a gift from Trog
 11374 | Orc:3    | Reached skill level 12 in Fighting
 11376 | Orc:3    | Found a roughly hewn altar of Beogh.
 11546 | Lair:1   | Entered Level 1 of the Lair of Beasts
 11824 | Lair:1   | Reached skill level 7 in Shields
 11948 | Lair:1   | Reached skill level 11 in Dodging
 11961 | Lair:1   | Reached skill level 12 in Long Blades
 12631 | Lair:2   | Reached skill level 12 in Armour
 12718 | Lair:2   | Received a gift from Trog
 13284 | Lair:3   | Found a staircase to the Snake Pit.
 13715 | Lair:3   | Reached skill level 8 in Shields
 13725 | Lair:3   | Noticed an eight-headed hydra
 13731 | Lair:3   | Killed a five-headed hydra
 14339 | Lair:4   | Noticed Urug
 14430 | Lair:4   | Killed Urug
 14495 | Lair:4   | Noticed Sonja
 14498 | Lair:4   | Killed Sonja
 14674 | Lair:4   | Reached XP level 13. HP: 119/119 MP: 13/13
 14680 | Lair:4   | Received a gift from Trog
 14703 | Lair:4   | Found a staircase to the Swamp.
 15137 | Lair:5   | Reached skill level 13 in Fighting
 15203 | Lair:5   | Reached skill level 13 in Long Blades
 15334 | Lair:5   | Noticed a four-headed hydra
 15349 | Lair:5   | Killed a one-headed hydra
 15349 | Lair:5   | Reached skill level 13 in Armour
 15403 | Lair:5   | Found a shattered altar of Ashenzari.
 15639 | Lair:5   | Reached skill level 12 in Dodging
 15955 | Lair:6   | Got a jasper-encrusted leather armour
 15966 | Lair:6   | Identified the +2 leather armour of Ebabiqa {rN+ MP-9 Int+2} (You found it on level 6 of the Lair of Beasts)
 16078 | Lair:6   | Received a gift from Trog
 16413 | Lair:6   | Got a jewelled falchion {god gift}
 16414 | Lair:6   | Identified the +3 falchion "Heipp" {slice, Int-2 Dex+2 Stlth+} (Trog gifted it to you on level 6 of the Lair of Beasts)
 17008 | Lair:7   | Found a frozen archway.
 17034 | Lair:7   | Received a gift from Trog
 17194 | IceCv    | Entered an ice cave
 17204 | IceCv    | Reached skill level 14 in Long Blades
 17365 | IceCv    | Reached skill level 14 in Fighting
 17435 | IceCv    | Found an ancient bone altar of Kikubaaqudgha.
 17916 | Lair:7   | Reached XP level 14. HP: 129/132 MP: 14/14
 17966 | Lair:7   | Found a staircase to the Slime Pits.
 17967 | Lair:7   | Found a viscous altar of Jiyva.
 18389 | Lair:7   | Got a steaming leather armour
 18400 | Lair:7   | Identified the +3 leather armour of Mezcal {rCorr} (You found it on level 7 of the Lair of Beasts)
 18553 | Lair:7   | Reached skill level 13 in Dodging
 18567 | Lair:7   | Reached skill level 14 in Armour
 18698 | Lair:8   | Entered Level 8 of the Lair of Beasts
 18703 | Lair:8   | Received a gift from Trog
 18953 | Lair:8   | Noticed Snorg
 18963 | Lair:8   | Killed Snorg
 19248 | Lair:8   | Reached skill level 9 in Shields
 19469 | Lair:8   | Got a twisted scale mail
 19480 | Lair:8   | Identified the +1 scale mail of the Stars {+Fly MR- Dex+8} (You found it on level 8 of the Lair of Beasts)
 19731 | Lair:8   | Reached skill level 15 in Fighting
 19802 | Lair:8   | Reached skill level 10 in Shields
 19824 | Lair:8   | Received a gift from Trog
 19869 | Lair:8   | Reached skill level 15 in Long Blades
 20431 | Lair:4   | Reached XP level 15. HP: 129/141 MP: 15/15
 20563 | Orc:4    | Entered Level 4 of the Orcish Mines
 20596 | Orc:4    | Reached skill level 15 in Armour
 20625 | Orc:4    | Noticed Azrael
 20894 | Orc:4    | Noticed herpmino's ghost (powerful OpFi)
 20910 | Orc:4    | Killed Azrael
 20983 | Orc:4    | Killed herpmino's ghost
 21121 | Orc:4    | Reached skill level 14 in Dodging
 21139 | Orc:4    | Received a gift from Trog
 21184 | Orc:4    | Received a gift from Trog
 21190 | Orc:4    | Got a twisted lajatang {god gift}
 21221 | Orc:4    | Found a roughly hewn altar of Beogh.
 21222 | Orc:4    | Found Reiduaf's Antique Armour Emporium.
 21301 | Orc:4    | Identified the +6 lajatang of Enaewuw {slice, MR+ Str+3} (Trog gifted it to you on level 4 of the Orcish Mines)
 21586 | Orc:4    | Bought a pair of glowing boots for 157 gold pieces
 21586 | Orc:4    | Bought a pair of embroidered gloves for 157 gold pieces
 21613 | Orc:4    | Found Efoss's Antique Weapon Shoppe.
 22219 | Orc:4    | Reached skill level 11 in Shields
 22220 | Orc:4    | Received a gift from Trog
 22325 | Orc:4    | Found a staircase to the Elven Halls.
 22644 | Orc:4    | Noticed Saint Roka
 22718 | Orc:4    | Killed Saint Roka
 23013 | Orc:4    | Found Bosi's Antique Weapon Shoppe.
 23074 | Orc:4    | Found a roughly hewn altar of Beogh.
 23091 | Orc:4    | Found Ciary's Gadget Emporium.
 23100 | Orc:4    | Received a gift from Trog
 23101 | Orc:4    | Gained mutation: You possess an exceptional clarity of mind. [a neqoxec]
 23352 | Orc:4    | Bought a distressingly furry ring mail for 315 gold pieces
 23366 | Orc:4    | Identified the +3 ring mail "Egos" {Stlth+} (You bought it in a shop on level 4 of the Orcish Mines)
 23541 | Orc:3    | Found a roughly hewn altar of Beogh.
 23917 | Swamp:1  | Entered Level 1 of the Swamp
 24215 | Swamp:1  | Got a transparent ring mail
 24226 | Swamp:1  | Identified the +3 ring mail of the Hall of Blades {*Drain +Inv rN++} (You found it on level 1 of the Swamp)
 24248 | Swamp:1  | Got a steaming hand axe
 24350 | Swamp:1  | Received a gift from Trog
 24766 | Swamp:2  | Noticed Aizul
 24768 | Swamp:2  | Noticed Nikola
 24785 | Swamp:1  | HP: 22/143 [Aizul/poison arrow (15)]
 24856 | Swamp:1  | Reached skill level 16 in Fighting
 25021 | Swamp:1  | Killed Aizul
 25239 | D:10     | Bought the +14 plate armour "Wexal" {rElec Int+3} for 1528 gold pieces
 25400 | Swamp:2  | Reached skill level 16 in Long Blades
 25404 | Swamp:2  | Killed Nikola
 25404 | Swamp:2  | Reached XP level 16. HP: 136/151 MP: 16/16
 26037 | Swamp:2  | Reached skill level 16 in Armour
 26037 | Swamp:2  | Reached skill level 12 in Shields
 26384 | Swamp:2  | Received a gift from Trog
 26839 | Swamp:3  | Reached skill level 15 in Dodging
 27917 | D:12     | Noticed Duffy's ghost (powerful FoHu)
 27926 | D:12     | Killed Duffy's ghost
 28644 | D:13     | Found a gate to the Vaults.
 28651 | D:13     | Received a gift from Trog
 29061 | D:13     | Found Wicych's Antique Weapon Shop.
 29563 | D:15     | Entered Level 15 of the Dungeon
 29871 | D:14     | Reached skill level 17 in Fighting
 29931 | D:14     | Reached skill level 13 in Shields
 30223 | D:14     | Got a dazzling hunting sling
 31092 | D:15     | Received a gift from Trog
 31372 | D:15     | Reached XP level 17. HP: 161/161 MP: 17/17
 31539 | D:15     | Found a staircase to the Depths.
 31688 | D:15     | Got an ancient hunting sling
 32354 | Orc:2    | Bought an uncursed amulet of resist corrosion for 200 gold pieces
 32354 | Orc:2    | Bought an uncursed ring of fire for 250 gold pieces
 32491 | Snake:1  | Entered Level 1 of the Snake Pit
 32525 | Snake:1  | Reached skill level 17 in Armour
 33008 | Snake:1  | Reached skill level 17 in Long Blades
 33625 | Snake:2  | Reached skill level 14 in Shields
 33811 | Snake:2  | Received a gift from Trog
 34139 | Snake:2  | Reached skill level 15 in Shields
 34354 | Snake:3  | Reached skill level 1 in Evocations
 34382 | Snake:3  | Reached skill level 16 in Dodging
 34663 | Snake:3  | Noticed Roxanne
 34680 | Snake:3  | Killed Roxanne
 34684 | Snake:3  | Identified Roxanne's Grimoire of the Four Souls (You took it off Roxanne on level 3 of the Snake Pit)
 34718 | Snake:3  | Reached skill level 2 in Evocations
 34961 | Snake:3  | Received a gift from Trog
 35393 | Swamp:4  | Entered Level 4 of the Swamp
 35458 | Swamp:4  | Reached skill level 3 in Evocations
 35541 | Swamp:4  | Got an iridescent great sword
 35547 | Swamp:4  | Identified the +8 great sword of Radicalism {slice, *Noise rF+ Str+5 Dex-3} (You found it on level 4 of the Swamp)
 35724 | Swamp:4  | Got a dull robe
 35735 | Swamp:4  | Identified the +1 robe "Kivo" {rElec rF- MR+++ rCorr} (You found it on level 4 of the Swamp)
 35869 | Swamp:4  | Reached XP level 18. HP: 165/171 MP: 21/21
 36066 | Swamp:4  | Reached skill level 18 in Fighting
 36199 | Swamp:4  | Reached skill level 4 in Evocations
 36267 | Swamp:4  | Got a decaying rune of Zot
 37009 | Snake:4  | Entered Level 4 of the Snake Pit
 37265 | Snake:4  | Reached skill level 18 in Armour
 37425 | Snake:4  | Reached skill level 5 in Evocations
 37458 | Snake:4  | Received a gift from Trog
 37590 | Snake:4  | uh oh
 37657 | Snake:4  | Reached skill level 17 in Dodging
 37686 | Snake:4  | Reached skill level 6 in Evocations
 37711 | Snake:4  | Received a gift from Trog
 37734 | Snake:4  | rekt
 38179 | Snake:4  | Noticed Vashnia
 38400 | Snake:4  | Got a serpentine rune of Zot
 38549 | Snake:4  | Killed Vashnia
 38679 | Snake:4  | Reached XP level 19. HP: 142/181 MP: 25/25
 38822 | Snake:4  | Reached skill level 19 in Fighting
 38896 | Snake:4  | Reached skill level 7 in Evocations
 39301 | Vaults:1 | Entered Level 1 of the Vaults
 39918 | Vaults:1 | Received a gift from Trog
 39919 | Vaults:1 | Got a twisted great sword {god gift}
 39950 | Vaults:1 | Reached skill level 19 in Armour
 39956 | Vaults:1 | Identified the +6 great sword "Dokke" {venom, Int+4} (Trog gifted it to you on level 1 of the Vaults)
 40708 | Vaults:1 | Reached skill level 18 in Dodging
 41249 | Vaults:2 | Got a translucent arbalest
 41255 | Vaults:2 | Identified the +6 arbalest of Elonis {freeze, Str+6} (You found it on level 2 of the Vaults)
 41453 | Vaults:2 | Received a gift from Trog
 41471 | Vaults:2 | Reached skill level 20 in Fighting
 41993 | Vaults:3 | Reached XP level 20. HP: 193/193 MP: 26/26
 42009 | Vaults:3 | Reached skill level 20 in Armour
 42052 | Vaults:3 | Received a gift from Trog
 42091 | Vaults:3 | Got an encrusted scimitar {god gift}
 42096 | Vaults:3 | Identified the +2 scimitar "Botusmyw" {slice, MR+} (Trog gifted it to you on level 3 of the Vaults)
 42169 | Vaults:3 | Noticed Frederick
 42206 | Vaults:3 | Drew Focus: Str increased to 26, Int decreased to 3
 42215 | Vaults:3 | Killed Frederick
 42514 | Vaults:3 | Reached skill level 19 in Dodging
 42734 | Vaults:3 | Noticed Mennas
 42737 | Vaults:3 | Drew Focus: Str increased to 27, Int decreased to 2
 42762 | Vaults:3 | Killed Mennas
 42767 | Vaults:3 | Received a gift from Trog
 42866 | Vaults:3 | Noticed Donald
 42939 | Vaults:3 | Killed Donald
 43139 | Vaults:3 | Found a staircase to the Crypt.
 43676 | Vaults:4 | Reached skill level 21 in Fighting
 44179 | Vaults:4 | Received a gift from Trog
 44554 | Vaults:4 | Reached skill level 21 in Armour
 44852 | Vaults:4 | Received a gift from Trog
 44985 | Vaults:5 | Entered Level 5 of the Vaults
 45112 | Vaults:4 | Reached XP level 21. HP: 166/205 MP: 27/27
 45183 | Vaults:4 | Reached skill level 20 in Dodging
 45312 | Vaults:5 | Noticed Wiglaf
 45426 | Vaults:5 | Noticed Boris
 45435 | Vaults:4 | Killed Wiglaf
 45568 | Vaults:4 | Killed Boris
 45706 | Vaults:4 | Reached skill level 22 in Fighting
 45889 | Vaults:4 | Received a gift from Trog
 46395 | Vaults:4 | Cast into the Abyss (a deep elf sorcerer)
 46505 | Abyss:1  | Reached skill level 22 in Armour
 46530 | Vaults:4 | Escaped the Abyss
 46832 | Vaults:5 | Received a gift from Trog
 46992 | Vaults:5 | Found Xeigaips's Magic Scroll Boutique.
 47024 | Vaults:5 | Got an ichor-stained chain mail
 47032 | Vaults:5 | Bought a scroll of teleportation for 51 gold pieces
 47032 | Vaults:5 | Bought a scroll of recharging for 161 gold pieces
 47032 | Vaults:5 | Bought a scroll of teleportation for 51 gold pieces
 47287 | Vaults:5 | Noticed a golden dragon
 47302 | Vaults:5 | Reached skill level 21 in Dodging
 47302 | Vaults:5 | Reached XP level 22. HP: 195/217 MP: 28/28
 47309 | Vaults:5 | Noticed Jorgrun
 47318 | Vaults:5 | Killed a golden dragon
 47331 | Vaults:5 | Killed Jorgrun
 47603 | Vaults:5 | Got a silver rune of Zot
 48049 | Depths:1 | Entered Level 1 of the Depths
 48160 | Depths:1 | Received a gift from Trog
 48384 | Depths:1 | Reached skill level 23 in Fighting
 48504 | Depths:1 | Gained mutation: Your flesh is cold resistant. [potion of beneficial mutation]
 48652 | Depths:1 | Found a one-way gate to the infinite horrors of the Abyss.
 48711 | Depths:1 | Found a magical portal.
 48722 | WizLab   | Entered The Roulette of Golubria
 48726 | WizLab   | Found a corrupted altar of Lugonu.
 48961 | WizLab   | Identified Ychith's Catalogue of Translocation
 49048 | WizLab   | Found a corrupted altar of Lugonu.
 49053 | WizLab   | Found a corrupted altar of Lugonu.
 49361 | WizLab   | Cast into the Abyss (wizard)
 49361 | Abyss:1  | Found a corrupted altar of Lugonu.
 49407 | Abyss:1  | Found an iron altar of Okawaru.
 49479 | Abyss:1  | Received a gift from Trog
 49512 | Abyss:1  | Paralysed by you for 3 turns
 49516 | Abyss:1  | a
 49604 | Abyss:1  | Lost intelligence.
 49605 | Abyss:1  | Gained mutation: [You tend to lose your temper in combat.] [a neqoxec]
 49606 | Abyss:1  | Gained mutation: [You are clumsy. (Dex -2)] [a neqoxec]
 49607 | Abyss:1  | uh oh
 49607 | Abyss:1  | Gained mutation: You expend magic power (3 MP) to strengthen your wands. [a neqoxec]
 49976 | Abyss:1  | fuck this game
 50073 | Abyss:2  | Found a corrupted altar of Lugonu.
 50111 | Abyss:2  | Reached skill level 23 in Armour
 50115 | Abyss:2  | Found a corrupted altar of Lugonu.
 50277 | Abyss:3  | Gained mutation: [You are occasionally teleported to nearby monsters.] [a cacodemon]
 50557 | Abyss:4  | Paralysed by accursed screaming for 1 turns
 50687 | Abyss:5  | Entered Level 5 of the Abyss
 50861 | Abyss:5  | Lost intelligence.
 50923 | Abyss:5  | Reached skill level 22 in Dodging
 50978 | Abyss:5  | Paralysed by accursed screaming for 1 turns
 50992 | Abyss:5  | Reached XP level 23. HP: 144/228 MP: 30/30
 51049 | Abyss:5  | Gained mutation: [Your spells are easier to cast, but less powerful.] [a neqoxec]
 51053 | Abyss:5  | Lost intelligence.
 51078 | Abyss:5  | Paralysed by accursed screaming for 2 turns
 51087 | Abyss:5  | Paralysed by accursed screaming for 2 turns
 51088 | Abyss:5  | HP: 31/160 [starcursed mass (illusionary)/accursed screaming (17)]
 51089 | Abyss:5  | gg
 51089 | Abyss:5  | Lost mutation: [You have an uncontrollable temper.] [potion of cure mutation]
 51089 | Abyss:5  | Lost mutation: [Your spells are much easier to cast, but much less powerful.] [potion of cure mutation]
 51089 | Abyss:5  | Lost mutation: [You are very clumsy. (Dex -4)] [potion of cure mutation]
 51090 | Abyss:5  | HP: 1/160 [starcursed mass/accursed screaming (19)]
 51092 | Abyss:5  | Slain by a starcursed mass

Vault maps used:
D:1:      dpeg_arrival_castle, hangedman_feature_mirror, hex_intersection
D:2:      lemuel_doored_altar, kennysheep_vampire_church, dk_vineyard_2,
          serial_bayou_lagoon_a, tgw_kikubaaqudgha
D:3:      old_standard_altar, lemuel_coloured_pillars_altar, first_bread
D:4:      kennysheep_mini, yredelemnul_altar_generic
D:5:      zin_treasury, temple_pool_b, serial_shops, nicolae_shop_waterfront,
          uniq_edmund, uniq_pikel
D:6:      kennysheep_big_flooded_room, xom_confusion_cloud, serial_shops,
          nicolae_shop_waterfront, uniq_eustachio
D:7:      grunt_ogre_cave, nrook_loot_triangle
D:8:      cheibriados_altar_1, okawaru_humans, fedhas_altar_1, uniq_erica,
          uniq_joseph
D:9:      nicolae_overflow_hidden_temple, nicolae_qazlal_style_of_elements,
          nemelex_xobeh_ov_fountains_minmay, elyvilon_altar_5
D:10:     orc_david_3, basic_altar
D:11:     david_lair_shrubbed, serial_shops, shop, kennysheep_little_box,
          nicolae_shop_competitors_out_of_business
D:13:     david_vaults_1, serial_shops, nicolae_shop_overgrown_old_shop,
          minmay_lizard_king
D:14:     cross_vault, minmay_misc_feat_hallway, evilmike_butchery
D:15:     hangedman_depths_entry_try_elsewhere_first, special_room,
          kennysheep_pointless_box, pond
Lair:1:   lemuel_fruit_tree
Lair:3:   guppyfry_snake_entry_garden, guppyfry_lair_drakes
Lair:4:   minmay_swamp_entry_swarm, hibernation_bobbens,
          infiniplex_staircase_pool, grunt_megastairs_2, uniq_sonja, uniq_urug
Lair:5:   lemuel_oklob_altar
Lair:7:   slime_altar_1, portal_ice_cave_entry_animals_and_master, minivault_19,
          serial_bayou_shore_a, infiniplex_staircase_pool_2
Lair:8:   evilmike_catoblepas_cave, minmay_another_anthill, lemuel_fruit_fields,
          serial_bayou_shore_b, uniq_snorg
Swamp:1:  hangedman_swamp_pad
Swamp:2:  nicolae_swamp_triple_paths, swamp_pool1, hangedman_swamp_dais,
          uniq_aizul, uniq_nikola
Swamp:3:  evilmike_swamp_ruin_wall, cheibrodos_swamp_kobolds
Swamp:4:  swamp_vile, swamp_pool3
Snake:1:  serial_bayou_pond_a
Snake:2:  nicolae_snake_nest, basic_stair_grate_trap
Snake:3:  serial_bayou_shore_b, uniq_roxanne
Snake:4:  snake_pit, grunt_ministairs_6, uniq_vashnia
Orc:2:    serial_shops, nicolae_shop_crystal
Orc:3:    basic_altar, nicolae_orc_pool_cavern, minmay_orc_temple_c
Orc:4:    pubby_orc_utopia, serial_shops, uniq_azrael
Vaults:1: nicolae_vaults_branching_niches,
          nicolae_vaults_windows_and_doors_thing, v_pattern_4,
          nicolae_vaults_rhombus_7, nicolae_vaults_big_ls, v_alt_pattern_6,
          nicolae_vaults_little_squares_3, vaults_room_door_ring,
          hangedman_vaults_river_flow, v_misc_28, vaults_room_door_ring,
          ontoclasm_vaults_idyll, vaults_room_semicircle
Vaults:2: nicolae_vaults_yaktaur_gun_rack, hangedman_vaults_snaps,
          vaults_standard_mumra_lines, hangedman_vaults_restitches,
          vaults_room_boxed, v_misc_5, v_misc_23, v_misc_22,
          ontoclasm_vaults_misaligned, nicolae_vaults_an_arrangement, v_misc_16,
          vaults_dpeg_encased_lava
Vaults:3: blue_anna_dwarven_crypt, v_misc_15, grunt_vaults_trifunnel,
          nicolae_vaults_little_squares_5, hangedman_vaults_unwind,
          v_alt_pattern_6, vaults_room_pool, v_rooms_5,
          nicolae_vaults_twisting_passages, v_misc_11, vaults_room_hallway,
          vaults_dpeg_hooks, vaults_room_ringed_pool,
          grunt_vaults_hallway_short, nicolae_vaults_little_squares_3,
          ontoclasm_vaults_loading_screen, uniq_donald, uniq_frederick,
          uniq_mennas
Vaults:4: vaults_room_corners, vaults_standard_mumra_x, v_misc_3,
          vaults_mumra_hex, hangedman_vaults_maws, v_misc_24,
          grunt_vaults_funnel, grunt_vaults_hallway_short,
          nicolae_vaults_shelves_hall, ontoclasm_vaults_shuriken
Vaults:5: uniq_jorgrun, uniq_wiglaf, uniq_boris
Depths:1: hex_medium, abyss_entry_crystal, hell_entry,
          infiniplex_enter_wizlab_spiral, rand_demon_pan_entry_4,
          kilobyte_rumbling_trees
Abyss:3:  bh_abyss_xom_lugonu_altar, hangedman_stitches_earthworm,
          nicolae_abyss_rune_containment_breach
Abyss:5:  hangedman_classic_abyss_death, evilmike_abyss_rune_seething_chaos
IceCv:    ice_cave_small_necro
WizLab:   wizlab_golubria

Action                   |  1- 3 |  4- 6 |  7- 9 | 10-12 | 13-15 | 16-18 | 19-21 | 22-24 || total
-------------------------+-------+-------+-------+-------+-------+-------+-------+-------++-------
Melee: Falchion          |    77 |   125 |   124 |   291 |       |       |       |       ||   617
       Spear             |       |       |   137 |       |       |       |       |       ||   137
       Demon blade       |       |       |    71 |   431 |  1559 |  1654 |  1829 |   905 ||  6449
Invok: Berserk           |       |     2 |     3 |    10 |     7 |     8 |    11 |     2 ||    43
       Burn Spellbooks   |       |       |       |     3 |       |     2 |     5 |     3 ||    13
       Trog's Hand       |       |       |       |     1 |     7 |     3 |    10 |    10 ||    31
       Brothers in Arms  |       |       |       |       |     3 |     9 |     1 |       ||    13
Evoke: Wand              |       |       |     2 |     4 |     2 |    16 |     5 |     3 ||    32
       Phial of floods   |       |       |       |       |       |     1 |     3 |       ||     4
       Deck              |       |       |       |       |       |       |     4 |       ||     4
       Stone of tremors  |       |       |       |       |       |       |     1 |       ||     1
  Use: Scroll            |       |     9 |     5 |    20 |    11 |    19 |     5 |    10 ||    79
       Potion            |       |       |     1 |       |     1 |     4 |       |     5 ||    11
 Stab: Sleeping          |     1 |       |     4 |     1 |       |       |       |       ||     6
       Distracted        |       |       |     1 |       |       |     2 |       |     1 ||     4
       Invisible         |       |       |       |       |     6 |     7 |     3 |       ||    16
       Petrified         |       |       |       |       |     2 |       |       |       ||     2
       Confused          |       |       |       |       |     1 |     1 |       |       ||     2
       Paralysed         |       |       |       |       |       |       |       |     1 ||     1
  Eat: Chunk             |     1 |     6 |    13 |    33 |    29 |    10 |    35 |       ||   127
       Beef jerky        |       |       |     2 |     2 |     4 |    11 |       |     2 ||    21
       Fruit             |       |       |       |     1 |     7 |     8 |       |     3 ||    19
       Royal jelly       |       |       |       |     1 |       |     8 |     8 |       ||    17
       Pizza             |       |       |       |       |     2 |       |       |       ||     2
       Meat ration       |       |       |       |       |     1 |       |       |     1 ||     2
       Bread ration      |       |       |       |       |       |     1 |     1 |     1 ||     3

Vault maps used:
D:1:      dpeg_arrival_castle, hangedman_feature_mirror, hex_intersection
D:2:      lemuel_doored_altar, kennysheep_vampire_church, dk_vineyard_2,
          serial_bayou_lagoon_a, tgw_kikubaaqudgha
D:3:      old_standard_altar, lemuel_coloured_pillars_altar, first_bread
D:4:      kennysheep_mini, yredelemnul_altar_generic
D:5:      zin_treasury, temple_pool_b, serial_shops, nicolae_shop_waterfront,
          uniq_edmund, uniq_pikel
D:6:      kennysheep_big_flooded_room, xom_confusion_cloud, serial_shops,
          nicolae_shop_waterfront, uniq_eustachio
D:7:      grunt_ogre_cave, nrook_loot_triangle
D:8:      cheibriados_altar_1, okawaru_humans, fedhas_altar_1, uniq_erica,
          uniq_joseph
D:9:      nicolae_overflow_hidden_temple, nicolae_qazlal_style_of_elements,
          nemelex_xobeh_ov_fountains_minmay, elyvilon_altar_5
D:10:     orc_david_3, basic_altar
D:11:     david_lair_shrubbed, serial_shops, shop, kennysheep_little_box,
          nicolae_shop_competitors_out_of_business
D:13:     david_vaults_1, serial_shops, nicolae_shop_overgrown_old_shop,
          minmay_lizard_king
D:14:     cross_vault, minmay_misc_feat_hallway, evilmike_butchery
D:15:     hangedman_depths_entry_try_elsewhere_first, special_room,
          kennysheep_pointless_box, pond
Lair:1:   lemuel_fruit_tree
Lair:3:   guppyfry_snake_entry_garden, guppyfry_lair_drakes
Lair:4:   minmay_swamp_entry_swarm, hibernation_bobbens,
          infiniplex_staircase_pool, grunt_megastairs_2, uniq_sonja, uniq_urug
Lair:5:   lemuel_oklob_altar
Lair:7:   slime_altar_1, portal_ice_cave_entry_animals_and_master, minivault_19,
          serial_bayou_shore_a, infiniplex_staircase_pool_2
Lair:8:   evilmike_catoblepas_cave, minmay_another_anthill, lemuel_fruit_fields,
          serial_bayou_shore_b, uniq_snorg
Swamp:1:  hangedman_swamp_pad
Swamp:2:  nicolae_swamp_triple_paths, swamp_pool1, hangedman_swamp_dais,
          uniq_aizul, uniq_nikola
Swamp:3:  evilmike_swamp_ruin_wall, cheibrodos_swamp_kobolds
Swamp:4:  swamp_vile, swamp_pool3
Snake:1:  serial_bayou_pond_a
Snake:2:  nicolae_snake_nest, basic_stair_grate_trap
Snake:3:  serial_bayou_shore_b, uniq_roxanne
Snake:4:  snake_pit, grunt_ministairs_6, uniq_vashnia
Orc:2:    serial_shops, nicolae_shop_crystal
Orc:3:    basic_altar, nicolae_orc_pool_cavern, minmay_orc_temple_c
Orc:4:    pubby_orc_utopia, serial_shops, uniq_azrael
Vaults:1: nicolae_vaults_branching_niches,
          nicolae_vaults_windows_and_doors_thing, v_pattern_4,
          nicolae_vaults_rhombus_7, nicolae_vaults_big_ls, v_alt_pattern_6,
          nicolae_vaults_little_squares_3, vaults_room_door_ring,
          hangedman_vaults_river_flow, v_misc_28, vaults_room_door_ring,
          ontoclasm_vaults_idyll, vaults_room_semicircle
Vaults:2: nicolae_vaults_yaktaur_gun_rack, hangedman_vaults_snaps,
          vaults_standard_mumra_lines, hangedman_vaults_restitches,
          vaults_room_boxed, v_misc_5, v_misc_23, v_misc_22,
          ontoclasm_vaults_misaligned, nicolae_vaults_an_arrangement, v_misc_16,
          vaults_dpeg_encased_lava
Vaults:3: blue_anna_dwarven_crypt, v_misc_15, grunt_vaults_trifunnel,
          nicolae_vaults_little_squares_5, hangedman_vaults_unwind,
          v_alt_pattern_6, vaults_room_pool, v_rooms_5,
          nicolae_vaults_twisting_passages, v_misc_11, vaults_room_hallway,
          vaults_dpeg_hooks, vaults_room_ringed_pool,
          grunt_vaults_hallway_short, nicolae_vaults_little_squares_3,
          ontoclasm_vaults_loading_screen, uniq_donald, uniq_frederick,
          uniq_mennas
Vaults:4: vaults_room_corners, vaults_standard_mumra_x, v_misc_3,
          vaults_mumra_hex, hangedman_vaults_maws, v_misc_24,
          grunt_vaults_funnel, grunt_vaults_hallway_short,
          nicolae_vaults_shelves_hall, ontoclasm_vaults_shuriken
Vaults:5: uniq_jorgrun, uniq_wiglaf, uniq_boris
Depths:1: hex_medium, abyss_entry_crystal, hell_entry,
          infiniplex_enter_wizlab_spiral, rand_demon_pan_entry_4,
          kilobyte_rumbling_trees
Abyss:3:  bh_abyss_xom_lugonu_altar, hangedman_stitches_earthworm,
          nicolae_abyss_rune_containment_breach
Abyss:5:  hangedman_classic_abyss_death, evilmike_abyss_rune_seething_chaos
IceCv:    ice_cave_small_necro
WizLab:   wizlab_golubria

Table legend:
 A = Turns spent in this place as a percentage of turns spent in the entire game.
 B = Non-inter-level travel turns spent in this place as a percentage of non-inter-level travel turns spent in the entire game.
 C = Inter-level travel turns spent in this place as a percentage of turns spent in this place.
 D = Turns resting spent in this place as a percentage of non-inter-level travel turns spent in this place.
 E = Turns spent auto-exploring this place as a percentage of non-inter-level travel turns spent in this place.
 F = Non-inter-level travel turns spent in this place divided by the number of levels of this place that you've seen.
                   A       B       C       D       E      F
               +-------+-------+-------+-------+-------+----------------------
         Total | 100.0 | 100.0 |   0.5 |   1.8 |   6.0 | 395.0
       Dungeon |  22.5 |  22.4 |   0.8 |   1.5 |   9.1 | 289.1
          Lair |  13.1 |  13.1 |   0.7 |   0.9 |   8.4 | 317.1
         Swamp |   7.9 |   7.9 |   1.0 |   3.2 |   5.7 | 382.2
     Snake Pit |  10.2 |  10.2 |   0.5 |   3.4 |   5.6 | 494.0
  Orcish Mines |  11.0 |  11.0 |   0.6 |   1.6 |   6.2 | 531.8
        Vaults |  20.3 |  20.3 |   0.3 |   2.2 |   4.1 | 787.4
        Depths |   1.7 |   1.8 |   0.0 |   0.6 |   6.2 | 340.0
         Abyss |   9.8 |   9.9 |   0.0 |   0.0 |   0.2 | 319.3
      Ice Cave |   1.4 |   1.4 |   0.0 |   4.0 |   4.7 | 275.0
        Wizlab |   2.0 |   2.0 |   0.0 |   0.5 |   4.7 | 383.0
               +-------+-------+-------+-------+-------+----------------------

Table legend:
 A = Kills in this place as a percentage of kills in entire the game.
 B = Kills by you in this place as a percentage of kills by you in the entire game.
 C = Kills by friends in this place as a percentage of kills by friends in the entire game.
 D = Other kills in this place as a percentage of other kills in the entire game.
 E = Experience gained in this place as a percentage of experience gained in the entire game.
 F = Experience gained in this place divided by the number of levels of this place that you have seen.
                   A       B       C       D       E      F
               +-------+-------+-------+-------+-------+----------------------
         Total | 100.0 | 100.0 | 100.0 | 100.0 | 100.0 | 17234.3
       Dungeon |  21.7 |  22.9 |   0.0 |   4.4 |   7.9 | 4427.6
          Lair |  12.8 |  13.0 |  17.9 |   0.0 |   8.6 | 9077.5
         Swamp |   7.3 |   7.1 |  17.9 |   2.9 |   9.1 | 19130.0
     Snake Pit |   9.3 |   8.0 |  62.7 |   2.9 |  14.8 | 31212.8
  Orcish Mines |  16.2 |  17.1 |   0.0 |   1.5 |   4.2 | 8918.8
        Vaults |  20.0 |  20.4 |   1.5 |  23.5 |  40.7 | 68720.6
        Depths |   1.9 |   1.9 |   0.0 |   2.9 |   2.9 | 24311.0
         Abyss |   8.1 |   6.7 |   0.0 |  61.8 |  10.3 | 14477.8
      Ice Cave |   2.2 |   2.3 |   0.0 |   0.0 |   0.7 | 6161.0
        Wizlab |   0.6 |   0.7 |   0.0 |   0.0 |   0.9 | 7458.0
               +-------+-------+-------+-------+-------+----------------------
